AoeStats
← ax

Black Forest

507448731Analyzed
2v2 RM · 15d ago on Sep 18, 2026· 27m 17s· 4 players
Game mode
Random Map
Map size
Medium (4 player)
Population
200
Speed
Normal
Resources
Standard
Victory
Conquest
Starting age
Dark Age
Ending age
Imperial Age
RankedLock teamsTeams togetherTeam positionsShared explorationLock speedFull tech treeHidden civsTurbo modeCheats
Victory
Defeat
🇨🇳 Turks · China
981
+16
🇨🇳 Spanish · China
981
+16
🇺🇸 Koreans · United States
997
-16
🇨🇿 Armenians · Czechia
985
-16
joker
13:30 Feudal Age
17:08 Castle Age
15:01 Gold Mining
14:57 Double-Bit Axe
14:55 Horse Collar
21:33 Imperial Age
ax
12:19 Feudal Age
14:57 Loom
17:54 Castle Age
16:49 Double-Bit Axe
21:34 Gold Mining
26:57 Wheelbarrow
Barcode
12:42 Feudal Age
14:03 Wheelbarrow
13:20 Horse Collar
15:06 Double-Bit Axe
15:11 Loom
19:17 Castle Age
18:51 Gold Mining
20:37 Stone Mining
21:23 Gold Shaft Mining
20:54 Heavy Plow
22:23 Stone Shaft Mining
23:20 Bow Saw
23:29 Fishing Lines
Vencaas
1:14 Loom
3:47 Loom
13:48 Feudal Age
14:31 Horse Collar
15:12 Double-Bit Axe
17:22 Man-at-Arms
18:32 Long Swordsman
19:30 Arson
23:46 Castle Age
22:58 Scale Mail Armor
23:44 Forging
24:32 Squires
24:19 Gambesons
24:11 Two-Handed Swordsman
25:19 Chain Mail Armor
27:22 Iron Casting
Connection lost

Rejoining the realm…

Still unreachable

The connection could not be restored.

Session expired

The server has moved on; the page needs a fresh start.